 Dungeon Crawl Stone Soup version 0.32-a0-120-gfac0567ad4 (webtiles) character file.

Game seed: 1357592870301235566

387 Dittersdorf the Covered (level 6, -2/40 HPs)
             Began as a Gargoyle Fighter on Feb 6, 2024.
             Slain by a gnoll
             ... wielding a +0 spear
             ... led by a gnoll sergeant
              (4 damage)
             ... on level 6 of the Dungeon.
             The game lasted 00:03:42 (2614 turns).

Dittersdorf the Covered (Gargoyle Fighter)          Turns: 2614, Time: 00:03:43

Health: -2/40      AC: 15    Str: 22    XL:     6   Next: 78%
Magic:  6/6        EV:  9    Int: 14    God:
Gold:   138        SH:  4    Dex:  9    Spells: 5/5 levels left

rFire   . . .        a - +0 flail
rCold   . . .        c - +0 buckler
rNeg    + . .        b - +0 scale mail
rPois   ∞            (no helmet)
rElec   +            e - +1 cloak
rCorr   .            l - +0 pair of gloves
SInv    .            (no boots)
Will    .....        (no amulet) Stlth
                     h - +6 ring of intelligence
HPRegen 0.26/turn    (no ring)
MPRegen 0.10/turn

%: no passive effects
@: no status effects
A: sickness immunity, AC +4, negative energy resistance 1, electricity
resistance, torment resistance 1, petrification resistance
a: no special abilities


You were on level 6 of the Dungeon.
You visited 1 branch of the dungeon, and saw 4 of its levels.

You collected 138 gold pieces.

Inventory:

Hand Weapons
 a - a +0 flail (weapon)
Armour
 b - a +0 scale mail (worn)
 c - a +0 buckler (worn)
 e - a +1 cloak (worn)
 l - a +0 pair of gloves (worn)
Jewellery
 h - a +6 ring of intelligence (left hand)
Scrolls
 k - a scroll of brand weapon {unknown}
 m - a scroll of immolation
Potions
 d - a potion of might
 f - 2 potions of attraction {unknown}
 g - a potion of berserk rage {unknown}
 i - 3 potions of curing {unknown}
 j - 2 potions of enlightenment {unknown}
 n - a potion of mutation {unknown}


   Skills:
 + Level 4.9 Fighting
 + Level 3.8 Maces & Flails
 + Level 4.9 Armour
 + Level 4.9 Shields


You had 5 spell levels left.
You didn't know any spells.
Your spell library contained the following spells:

 Spells                   Type           Power      Damage    Failure   Level
 Apportation              Tloc           0%         N/A       65%         1
 Necrotise                Necr           0%         1d4       65%         1
 Sting                    Conj/Alch      0%         1d3       65%         1
 Summon Small Mammal      Summ           0%         N/A       65%         1
 Jinxbite                 Hex            0%         N/A       78%         2
 Stone Arrow              Conj/Erth      0%         3d7       95%         3
 Tukima's Dance           Hex            0%         N/A       95%         3
 Animate Armour           Summ/Erth      0%         N/A       100%        4
 Dimensional Bullseye     Hex/Tloc       0%         N/A       100%        4
 Ignite Poison            Fire/Alch      0%         N/A       100%        4
 Iskenderun's Mystic Bla  Conj/Tloc      0%         2d3       100%        4
 Freezing Cloud           Conj/Ice/Air   0%         6-21      100%        5
 Yara's Violent Unravell  Hex/Alch       0%         3d3       100%        5
 Enfeeble                 Hex            0%         N/A       100%        7
 Lehudib's Crystal Spear  Conj/Erth      0%         10d2      100%        8
 Cigotuvi's Dreadful Rot  Necr/Alch/Air  Unusable   N/A       N/A         2

Dungeon Overview and Level Annotations

Branches:
Dungeon (3/15)

Altars:

Shops:
D:6 [


Innate Abilities, Weirdness & Mutations

You are immune to sickness and miasma.
Your stone body is resilient. (AC +4)
You are immune to poison.
You resist negative energy. (rN+)
You are resistant to electric shocks. (rElec)
You are resistant to unholy torment.
You are immune to petrification.


Message History

The sky beast hits you. The sky beast shocks you. You resist.
The sky beast attacks as it pursues you!
The sky beast closely misses you. You block the sky beast's attack.
The sky beast attacks as it pursues you!
The sky beast barely misses you.
You closely miss the sky beast.
The sky beast is almost dead.
The sky beast closely misses you.
You barely miss the sky beast.
The sky beast is almost dead.
You block the sky beast's attack.
The sky beast hits you but does no damage.
You hit the sky beast.
The sky beast is almost dead.
The gnoll closely misses you.
The sky beast hits you but does no damage.
The gnoll hits you from afar with a +0 spear.
You hit the sky beast.
You kill the sky beast!
The gnoll closely misses you. The gnoll barely misses you.
You block the gnoll's attack.
You see here a sky beast corpse.
You barely miss the gnoll. The gnoll barely misses you.
The gnoll hits you but does no damage.
You barely miss the gnoll. The gnoll hits you but does no damage.
The gnoll barely misses you.
You completely miss the gnoll. The gnoll misses you.
The gnoll hits you but does no damage. x2; The gnoll closely misses you.
You hit the gnoll.
The gnoll is lightly wounded.
The gnoll hits you from afar with a +0 halberd!
* * * LOW HITPOINT WARNING * * *
The gnoll hits you but does no damage.
You sock the gnoll!
The gnoll is severely wounded.
The gnoll hits you from afar with a +0 halberd!
* * * LOW HITPOINT WARNING * * *
The gnoll hits you with a +0 spear.
You die...

....#####.########...#
#.....# #.......#..#
..###...#######...#
.## ##.# #...###.#
...# # #.#..##.####
##.# #..#.#.....# .#
####...#.##### #
..##..#.# ... ..#..#@#
.... #.#..#g# .....
#.#..gg# .....
#....l## .....##.....#
...≈≈≈#.....#
#≈≈≈≈≈.##..#
#≈~∩~≈.##### #≈≈.≈≈.#


You could see an iguana and 3 gnolls.

Vanquished Creatures
  A sky beast (D:6)
  A scorpion (D:6)
  A howler monkey (D:6)
  An orc priest (D:2)
  Jessica (D:3)
  6 adders
  3 dart slugs
  A ribbon worm (D:2)
  4 orcs (D:3)
  5 bats
  10 endoplasms
  6 giant cockroaches
  6 goblins
  4 hobgoblins
  8 jackals
  5 kobolds
  2 quokkas (D:1)
  5 ball pythons
  4 frilled lizards
  3 rats
77 creatures vanquished.

Notes
Turn   | Place    | Note
-------+----------+-------------------------------------------
     0 | D:1      | Dittersdorf the Gargoyle Fighter began the quest for the
                  | Orb.
     0 | D:1      | Reached XP level 1. HP: 14/14 MP: 1/1
    99 | D:1      | Reached XP level 2. HP: 10/19 MP: 2/2
   321 | D:1      | Reached XP level 3. HP: 17/23 MP: 3/3
  1129 | D:2      | Reached XP level 4. HP: 24/29 MP: 4/4
  1280 | D:2      | Found a faded altar of an unknown god.
  1664 | D:3      | Noticed Jessica
  1668 | D:3      | Killed Jessica
  1706 | D:3      | Noticed an ogre
  1754 | D:2      | Reached XP level 5. HP: 16/33 MP: 5/5
  2473 | D:3      | You fall into a shaft and drop 3 floors!
  2512 | D:6      | Reached XP level 6. HP: 39/39 MP: 6/6
  2553 | D:6      | Found Cullovoff's Antique Armour Shoppe.
  2581 | D:6      | Noticed a sky beast
  2608 | D:6      | Killed a sky beast
  2614 | D:6      | HP: 2/40 [gnoll/+0 halberd[a gnoll sergeant] (8)]
  2614 | D:6      | Slain by a gnoll

Illustrated notes

Levels and vault maps discovered:
D:1:      nicolae_arrival_memento_mori, layout_basic, st_stairs_3,
          minmay_tree_intersection
D:2:      layout_basic, hellmonk_ecumenical_altar_blasted
D:3:      layout_loops_ring, uniq_jessica
D:6:      layout_rooms, nicolae_qazlal_beasts_of_the_sky, led_sif_pool,
          serial_shops, nicolae_shop_waterfront, serial_co_window_serial,
          co_window_paths_b, co_window_corner_a, co_window_corner_a,
          co_window_corner_a, co_window_corner_a, co_window_paths_a,
          co_window_paths_b, co_window_broadway_a, co_window_broadway_a,
          co_window_2corner, co_window_unsneaky_path_e, co_window_2corner,
          co_window_4corner_b, glass_columns_b, glass_columns_a

Skill      XL: |  1  2  3  4 |
---------------+-------------+-----
Fighting       | 4 |  4.9
Armour         | 4 |  4.9
Shields        | 4 |  4.9
Maces & Flails | 3 |  3.8

Action                     |  1- 3 |  4- 6 || total
---------------------------+-------+-------++-------
  Melee: Flail             |   165 |   137 ||   302
    Use: Scroll            |       |     2 ||     2
 Armour: Scale mail        |   169 |   147 ||   316
  Dodge: Dodged            |   121 |   110 ||   231
  Block: Buckler           |    47 |    33 ||    80

Table legend: (Time is in decaauts)
 A = Elapsed time spent in this place.
 B = Non-inter-level travel time spent in this place.
 C = Inter-level travel time spent in this place.
 D = Time resting spent in this place.
 E = Time spent auto-exploring this place.
 F = Levels seen in this place.
 G = Mean time per level.
                   A        B        C        D        E       F      G
               +--------+--------+--------+--------+--------+-----+--------+
         Total |   2704 |   2576 |    128 |    214 |   1635 |   4 |  676.0 |
       Dungeon |   2704 |   2576 |    128 |    214 |   1635 |   4 |  676.0 |
               +--------+--------+--------+--------+--------+-----+--------+

Top non-repeatable levels by time:
     D:1: 1027 daAuts
     D:2: 862 daAuts
     D:3: 664 daAuts
     D:6: 149 daAuts
